 Dungeon Crawl Stone Soup version 0.21-a0-529-g8c7b3f5 (webtiles) character file.

100 slep the Skirmisher (level 4, -3/24 HPs)
             Began as a Vine Stalker Fighter on Dec 12, 2017.
             Slain by a crocodile (10 damage)
             ... in a sewer.
             The game lasted 00:05:05 (2119 turns).

slep the Skirmisher (Vine Stalker Fighter)          Turns: 2119, Time: 00:05:06

Health: -3/24      AC:  9    Str: 22    XL:     4   Next: 74%
Magic:  0/5        EV:  7    Int:  8    God:
Gold:   128        SH:  9    Dex: 14    Spells: 3/3 levels left

rFire    . . .     SeeInvis .   a - +0 war axe
rCold    . . .     Gourm    .   c - +0 shield
rNeg     . . .     Faith    .   b - +0 scale mail
rPois    .         Spirit   +   (no helmet)
rElec    .         Reflect  .   j - +0 cloak
rCorr    .         Harm     .   r - +0 pair of gloves
MR       .....                  (no boots)
Stlth    ..........             o - amulet of magic regeneration
HPRegen  0.48/turn              s - +3 ring of strength
MPRegen  0.34/turn              (no ring)

@: no status effects
A: fangs 2, regeneration 1, magic shield, antimagic bite, no potion heal 3, rot
immunity
a: no special abilities


You were in a sewer.
You were not hungry.

You visited 1 branch of the dungeon, and saw 3 of its levels.
You also visited: Sewer.

You collected 128 gold pieces.

Inventory:

Hand Weapons
 a - a +0 war axe (weapon)
 m - a +0 dagger of electrocution
Missiles
 k - 7 tomahawks (quivered)
 t - a throwing net
Armour
 b - a +0 scale mail (worn)
 c - a +0 shield (worn)
 j - a +0 cloak (worn)
 r - a +0 pair of gloves (worn)
Jewellery
 o - an amulet of magic regeneration (around neck)
 s - a +3 ring of strength (left hand)
Scrolls
 e - a scroll of noise {unknown}
 h - 2 scrolls of blinking {unknown}
 l - 6 scrolls of identify {unknown}
 p - 4 scrolls of teleportation {unknown}
 q - a scroll of enchant armour {unknown}
 u - a scroll of remove curse {unknown}
Potions
 d - a potion of might
 g - a potion of lignification {unknown}
 i - 3 potions of degeneration {unknown}
 n - a potion of flight {unknown}
Comestibles
 f - a bread ration
 v - 2 chunks of flesh


   Skills:
 + Level 3.1 Fighting
 + Level 3.0 Axes
 + Level 2.8 Armour
 + Level 0.7 Dodging
 + Level 0.2 Stealth
 + Level 3.0 Shields


You had 3 spell levels left.
You didn't know any spells.

Dungeon Overview and Level Annotations

Branches:
Dungeon (3/15)

Altars:
Trog
Wu Jian


Innate Abilities, Weirdness & Mutations

You have extremely sharp teeth.
Your natural rate of healing is unusually fast.
When hurt, damage is shared between your health and your magic reserves.
Your bite disrupts and absorbs the magic of your enemies.
Potions cannot restore your health.
You are immune to rotting.


Message History

You bite the crocodile, but do no damage.
The crocodile closely misses you. The crocodile bites you!
Ouch! That really hurt!
You hit the crocodile.
You bite the crocodile, but do no damage.
The crocodile is lightly wounded.
The crocodile bites you!
* * * LOW HITPOINT WARNING * * *
You hit the crocodile. You bite the crocodile. You drain its power.
You feel invigorated.
The crocodile is moderately wounded.
The crocodile closely misses you.
The crocodile bites you but does no damage.
You hit the crocodile. Your bite misses the crocodile.
The crocodile is heavily wounded.
You block the crocodile's attack.
You hit the crocodile.
The crocodile is heavily wounded.
You block the crocodile's attack. The crocodile bites you!
You die...

## ##
#%!#.
$.#≈#
#.≈≈
##≈≈.##
#≈≈.≈t#
#...≈@##
#...#≈..#
#. ##≈.##
#.≈.#
##..# #.
#≈.# #.≈
#≈.# #≈.#
##..#
#...
#≈..#


You could see a crocodile.

Vanquished Creatures
  A bullfrog skeleton (D:3)
  A gnoll (D:1)
  An adder (D:3)
  An ooze (D:2)
  A worm (D:3)
  3 leopard geckos
  A bat (D:1)
  A giant cockroach (D:1)
  7 goblins
  3 hobgoblins (D:2)
  4 jackals
  9 kobolds
  2 ball pythons
  3 frilled lizards (D:1)
  9 rats
47 creatures vanquished.

Notes
Turn   | Place    | Note
-------+----------+-------------------------------------------
     0 | D:1      | slep the Vine Stalker Fighter began the quest for the Orb.
     0 | D:1      | Reached XP level 1. HP: 11/11 MP: 2/2
     1 | D:1      | Noticed an electric eel
   478 | D:1      | Reached XP level 2. HP: 14/16 MP: 3/3
   765 | D:1      | Reached XP level 3. HP: 1/20 MP: 1/4
  1046 | D:2      | Found an ornate altar of the Wu Jian Council.
  1980 | D:3      | Gained mutation: Your natural rate of healing is unusually fast. [Vine Stalker growth]
  1980 | D:3      | Reached XP level 4. HP: 19/24 MP: 5/5
  1987 | D:3      | Found a bloodstained altar of Trog.
  2053 | D:3      | Found a glowing drain.
  2057 | Sewer    | Entered a sewer
  2110 | Sewer    | Noticed a crocodile
  2119 | Sewer    | Slain by a crocodile

Vault maps used:
D:1:      arrival_aquarium_a, grunt_decor_resistance, minmay_tetromino_i4
D:2:      lemuel_doored_altar
D:3:      chequers_temple_overflow_minitemple, gup_sewer_entry_bowl,
          trog_three_pillars_becter
Sewer:    sewer_the_crocodile

Skill      XL: |  1  2  3  4 |
---------------+-------------+-----
Fighting       | 3 |  3.1
Axes           | 2 3 |  3.0
Shields        | 3 |  3.0
Armour         | |  2.8
Dodging        | |  0.7
Stealth        | |  0.2

Action                   |  1- 3 |  4- 6 || total
-------------------------+-------+-------++-------
Melee: War axe           |    99 |    31 ||   130
       Bite              |    27 |    15 ||    42
  Eat: Chunk             |     3 |     1 ||     4
Armor: Scale mail        |    38 |    10 ||    48
Dodge: Dodged            |    32 |    12 ||    44
Block: Shield            |    43 |    13 ||    56

Table legend:
 A = Spawn XP
 B = Non-spawn XP
 C = Spawn XP percentage of total XP
 D = Spawn monster count
 E = Non-spawn monster count
 F = Spawn count percentage of total count
 G = Total turns spent on level
                    A         B        C        D         E        F      G
               +---------+---------+-------+---------+---------+-------+---------
         Total |       0 |     144 |   0.0 |       0 |      47 |   0.0 |  2119
               +---------+---------+-------+---------+---------+-------+---------
           D:1 |       0 |      40 |   0.0 |       0 |      19 |   0.0 |   995
           D:2 |       0 |      29 |   0.0 |       0 |      13 |   0.0 |   822
           D:3 |       0 |      68 |   0.0 |       0 |      10 |   0.0 |   240
         Sewer |       0 |       7 |   0.0 |       0 |       5 |   0.0 |    62
               +---------+---------+-------+---------+---------+-------+---------
